 Dungeon Crawl Stone Soup version 0.30-a0-341-g682706514a (webtiles) character file.

Game seed: 14783148714880160740

152 retardedninja the Trooper (level 5, -3/47 HPs)
             Began as a Hill Orc Fighter on Nov 3, 2022.
             Was a Believer of Dithmenos.
             Killed from afar by a hellephant (25 damage)
             ... with a blast of flame
             ... on level 1 of the Abyss.
             The game lasted 00:03:25 (2346 turns).

retardedninja the Trooper (Hill Orc Fighter)        Turns: 2346, Time: 00:03:25

Health: -3/47      AC:  9    Str: 20 (21) XL:     5   Next: 34%
Magic:  5/5        EV:  9    Int:  6 (8)  God:    Dithmenos [**....]
Gold:   139        SH:  4    Dex:  9 (10) Spells: 4/4 levels left

rFire   + . .      SeeInvis .    a - +0 war axe
rCold   + . .      Faith    .    c - +0 buckler
rNeg    . . .      Spirit   .    b - +0 scale mail
rPois   +          Reflect  .    l - +0 helmet
rElec   +          Harm     .    m - +0 cloak
rCorr   +          Rampage  .    (no gloves)
Will    .....                    (no boots)
Stlth   ..........               (no amulet)
HPRegen 0.27/turn                (no ring)
MPRegen 0.09/turn                (no ring)

@: brilliant, resistant, attractive, hasted, wreathed by umbra, very quick
A: no striking features
a: Renounce Religion, Shadow Step


You were on level 1 of the Abyss.
You worshipped Dithmenos.
Dithmenos was pleased with you.
You visited 1 branch of the dungeon, and saw 3 of its levels.
You visited the Abyss 1 time.

You collected 139 gold pieces.

Inventory:

Hand Weapons
 a - a +0 war axe (weapon)
Armour
 b - a +0 scale mail (worn)
 c - a +0 buckler (worn)
 l - a +0 helmet (worn)
 m - a +0 cloak (worn)
Scrolls
 d - 2 scrolls of poison {unknown}
 e - 2 scrolls of teleportation {unknown}
 f - 6 scrolls of identify {unknown}
 j - a scroll of silence {unknown}
 n - a scroll of brand weapon {unknown}
Potions
 h - a potion of degeneration


   Skills:
 + Level 4.6 Fighting
 + Level 4.2 Axes
 + Level 4.2 Armour
 + Level 4.3 Shields


You had 4 spell levels left.
You didn't know any spells.
Your spell library was empty.

Dungeon Overview and Level Annotations

Branches:
Dungeon (3/15)

Altars:
Dithmenos

Annotations:
D:2 1 runed translucent door, Crazy Yiuf
D:3 1 transporter, CowFu's ghost, amateur GnWn


Message History

You barely miss the orc. You barely miss the orc priest.
You block the orc priest's attack.
The orc priest calls upon Beogh to heal the orc priest.
The orc priest is healed somewhat.
The orc hits you with a +0 club.
The orc priest shouts, "Beogh is our master!
Accept the truth or die!"
You hit the orc priest but do no damage.
The orc priest is heavily wounded.
You hit the orc but do no damage. You slash the orc priest!
You block the orc priest's attack. The orc priest barely misses you.
The orc hits you but does no damage.
You slash the orc priest!
The orc priest is almost dead.
You closely miss the orc priest. You slash the orc!
You kill the orc!
Dithmenos accepts your kill.
The orc priest hits you with a +0 dagger of distortion.
You are cast into the Abyss!
This branch contains the abyssal rune of Zot.
Found a corrupted altar of Lugonu.
It was a potion of haste.
You feel yourself speed up.
It was a potion of brilliance.
You feel clever all of a sudden.
It was a potion of attraction.
You feel attractive to monsters.
It was a potion of resistance.
You feel protected. The hellephant is attracted toward you.
A hellephant appears in a shower of sparks.
A hellephant is nearby!
The hellephant trumpets!
The hellephant is attracted toward you. The hellephant is attracted toward you.
The hellephant blinks!
The hellephant is attracted toward you. The hellephant is attracted toward you.
The hellephant is attracted toward you. The hellephant breathes flames at you.
The blast of flame hits you!! You resist.
Ouch! That really hurt!
You die...

... #. ... §.. . ..
..§ # . #. ....
..#. ##.## #§.#..
...####..#.##......
#..#..###..§.§...
#....Y.§.#.#.#..
+.@............
#......###.#....
#.......# .. ..
#.......# ##
..#####.## ...
.....# #... .....#
...... .... .. ..
.#


You could see a hellephant (catching breath).

Vanquished Creatures
  Robin (D:2)
  5 adders
  A worm (D:3)
  A dart slug (D:2)
  4 orcs (D:3)
  6 bats
  11 endoplasms
  A giant cockroach (D:2)
  15 goblins
  9 hobgoblins
  3 jackals (D:1)
  6 kobolds
  3 quokkas
  3 ball pythons
  2 frilled lizards (D:2)
  6 rats
77 creatures vanquished.

Notes
Turn   | Place    | Note
-------+----------+-------------------------------------------
     0 | D:1      | retardedninja the Hill Orc Fighter began the quest for the
                  | Orb.
     0 | D:1      | Reached XP level 1. HP: 19/19 MP: 1/1
    43 | D:1      | Reached XP level 2. HP: 22/27 MP: 2/2
    70 | D:1      | Found a faded altar of an unknown god.
    71 | D:1      | Noticed a shining eye
    75 | D:1      | Noticed an eye of devastation
    79 | D:1      | Noticed a great orb of eyes
    79 | D:1      | Noticed a shining eye
   358 | D:1      | Reached XP level 3. HP: 24/33 MP: 3/3
   967 | D:1      | Prayed at the altar of an unknown god.
   967 | D:1      | Became a worshipper of Dithmenos the Shadowed
   967 | D:1      | Reached * piety under Dithmenos
  1307 | D:2      | Noticed Robin
  1335 | D:2      | Reached XP level 4. HP: 27/40 MP: 4/4
  1341 | D:2      | Killed Robin
  1493 | D:2      | Reached ** piety under Dithmenos
  1705 | D:2      | Reached XP level 5. HP: 39/47 MP: 5/5
  1842 | D:2      | Found a runed translucent door.
  1843 | D:2      | Noticed Crazy Yiuf
  2200 | D:3      | Found a transporter.
  2200 | D:3      | Noticed a steam dragon
  2200 | D:3      | Noticed CowFu's ghost (amateur GnWn)
  2312 | Abyss:1  | Found a corrupted altar of Lugonu.
  2312 | Abyss:1  | Cast into level 1 of the Abyss (orc priest)
  2340 | Abyss:1  | Noticed a hellephant
  2346 | Abyss:1  | Killed from afar by a hellephant

Illustrated notes

Levels and vault maps discovered:
D:1:      noname_arrival_rooms_in_the_neighbourhood, layout_basic,
          hellmonk_ecumenical_altar_watching_god, serial_curves, eino_curves_04,
          eino_curves_04, eino_curves_01, eino_curves_03
D:2:      layout_rooms, minivault_23, uniq_crazy_yiuf_cottage, uniq_robin
D:3:      layout_basic, overflow_temple_1_default, gammafunk_ghost_arena,
          minmay_divided_ellipse
Abyss:1:  base: Temple, evilmike_abyss_exit_9

Skill      XL: |  1  2  3  4 |
---------------+-------------+-----
Axes           | 3 4 |  4.2
Fighting       | 4 |  4.6
Shields        | 4 |  4.3
Armour         | 4 |  4.2

Action                   |  1- 3 |  4- 6 || total
-------------------------+-------+-------++-------
Melee: War axe           |   105 |   106 ||   211
  Use: Potion            |     1 |     5 ||     6
Armor: Scale mail        |    53 |    65 ||   118
Dodge: Dodged            |    77 |    52 ||   129
Block: Buckler           |    34 |    29 ||    63

Table legend: (Time is in decaauts)
 A = Elapsed time spent in this place.
 B = Non-inter-level travel time spent in this place.
 C = Inter-level travel time spent in this place.
 D = Time resting spent in this place.
 E = Time spent auto-exploring this place.
 F = Levels seen in this place.
 G = Mean time per level.
                   A        B        C        D        E       F      G
               +--------+--------+--------+--------+--------+-----+--------+
         Total |   2414 |   2292 |    122 |    253 |   1527 |   4 |  603.5 |
       Dungeon |   2388 |   2266 |    122 |    253 |   1517 |   3 |  796.0 |
         Abyss |     26 |     26 |      0 |      0 |     10 |   1 |   26.0 |
               +--------+--------+--------+--------+--------+-----+--------+

Top non-repeatable levels by time:
     D:2: 1073 daAuts
     D:1: 1016 daAuts
     D:3: 297 daAuts
 Abyss:1: 26 daAuts
